Map: Torri del crepuscolo

Players

Sifakactus - Winner!

  • Race: Protoss Protoss
  • League: Gold

Jhyrachy

  • Race: Zerg Zerg
  • League: Silver

VOD

Have the link to the VOD?

Description

Time

  • Played on: April 4, 2016, 12:28 p.m.
  • Length: 5:37
Show
View Real Time Build Order
Export as new Build Order

Sifakactus Protoss - Winner!

Build Orders:  

Get SALT Encoding   

  12  0:01  Probe (Chrono Boost)  
  13  0:11  Probe (Chrono Boost)  
  14  0:22  Pylon  
  14  0:23  Probe (Chrono Boost)  
  15  0:40  Gateway  
  15  0:41  Probe (Chrono Boost)  
  16  0:49  Assimilator  
  16  0:51  Probe (Chrono Boost)  
  17  1:02  Probe (Chrono Boost)  
  18  1:05  Pylon  
  18  1:15  Pylon  
  18  1:22  Probe (Chrono Boost), Forge  
  19  1:44  Cybernetics Core, Probe (Chrono Boost)  
  20  1:55  Probe (Chrono Boost)  
  21  2:04  Photon Cannon  
  21  2:07  Photon Cannon  
  21  2:09  Pylon  
  21  2:19  Assimilator  
  21  2:20  Warp Gate (Chrono Boost)  
  21  2:37  Photon Cannon  
  21  2:41  Gateway  
  21  2:43  Mothership Core  
  23  2:51  Zealot (Chrono Boost)  
  25  3:04  Probe  
  26  3:05  Photon Cannon  
  26  3:18  Zealot (Chrono Boost)  
  28  3:27  Gateway  
  28  3:33  Adept (Chrono Boost)  
  30  3:49  Adept (Chrono Boost)  
  32  4:04  Nexus  
  32  4:25  Zealot  
  32  4:26  Zealot  
  32  4:27  Adept  
  38  4:39  Twilight Council  
  38  4:58  Pylon  
  38  5:00  Pylon  
  38  5:17  Zealot  
  38  5:18  Zealot x2  
Show
View Real Time Build Order
Export as new Build Order

Jhyrachy Zerg 

Build Orders: Hatch First 

Get SALT Encoding   

  12  0:03  Drone  
  13  0:10  Drone  
  14  0:17  Overlord  
  14  0:35  Drone  
  14  0:36  Drone  
  14  0:37  Drone  
  17  0:54  Hatchery  
  16  1:07  Spawning Pool  
  16  1:10  Drone  
  16  1:44  Overlord  
  16  1:54  Zergling x2  
  16  1:55  Zergling x2  
  16  1:59  Queen  
  20  2:06  Queen  
  20  2:07  Zergling x2  
  23  2:30  Zergling x2  
  23  2:31  Zergling x8  
  22  2:51  Queen  
  21  2:59  Drone  
  22  3:06  Roach Warren  
  21  3:19  Hatchery, Spine Crawler  
  19  3:39  Drone x3  
  22  3:44  Extractor  
  20  4:40  Queen  
  20  4:42  Drone  
  20  4:43  Drone x12  
  20  4:44  Drone  
  36  4:53  Extractor  
  35  5:12  Extractor  
  33  5:18  Zergling x2  
  33  5:19  Zergling x2  
  35  5:24  Spine Crawler  
  32  5:29  Evolution Chamber  
  32  5:31  Spine Crawler  
Tags
 
Add a new tag
Caveats
  • Supply blocks, unpowered buildings, or Contaminate may cause inaccurate times.
  • Supply counts are checked every 10 seconds.